 Dungeon Crawl Stone Soup version 0.27.1-33-g824d729ab1 (webtiles) character file.

Game seed: 9804462248996741226

32 JohnySteedPL the Skirmisher (level 3, -1/29 HPs)
             Began as a Demonspawn Abyssal Knight on Nov 27, 2021.
             Was a Believer of Lugonu.
             Slain by Sigmund (6 damage)
             ... on level 2 of the Dungeon.
             The game lasted 00:07:57 (1177 turns).

JohnySteedPL the Skirmisher (DsAK)                  Turns: 1177, Time: 00:07:57

Health: -1/29      AC: 10    Str: 12    XL:     3   Next: 8%
Magic:  3/5        EV:  3    Int: 13    God:    Lugonu [**....]
Gold:   56         SH:  0    Dex: 13    Spells: 2/2 levels left

rFire    . . .     SeeInvis .   a - +1 falchion
rCold    . . .     Faith    .   (no shield)
rNeg     . . .     Spirit   .   h - +0 plate armour
rPois    .         Reflect  .   (no helmet)
rElec    .         Harm     .   (no cloak)
rCorr    .         Rampage  .   (no gloves)
Will     .....                  (no boots)
Stlth    ..........             (no amulet)
HPRegen  0.09/turn              (no ring)
MPRegen  0.09/turn              (no ring)

@: no status effects
A: foul stench 1, spiny 1
a: Renounce Religion, Depart the Abyss, Bend Space


You were on level 2 of the Dungeon.
You worshipped Lugonu.
Lugonu was pleased with you.
You visited 1 branch of the dungeon, and saw 2 of its levels.
You visited the Abyss 1 time.

You collected 56 gold pieces.

Inventory:

Hand Weapons
 a - a +1 falchion (weapon)
Armour
 b - a +0 leather armour
 h - a +0 plate armour (worn)
Scrolls
 c - a scroll of blinking {unknown}
 e - 2 scrolls of identify {unknown}
 i - a scroll of vulnerability {unknown}
Potions
 d - a potion of might {unknown}
 f - a potion of lignification {unknown}
 g - a potion of heal wounds {unknown}


   Skills:
 + Level 3.3 Fighting
 + Level 2.5 Long Blades
 + Level 2.1 Armour
 + Level 0.8 Dodging
 + Level 2.7 Invocations


You had 2 spell levels left.
You didn't know any spells.
Your spell library contained the following spells:

 Spells                   Type           Power      Damage    Failure   Level
 Freeze                   Ice            0%         1d3       100%        1
 Frozen Ramparts          Ice            0%         1d2       100%        3
 Hailstorm                Conj/Ice       0%         3d3       100%        4


Dungeon Overview and Level Annotations

Branches:
Dungeon (2/15)

Altars:

Annotations:
D:2 Sigmund


Innate Abilities, Weirdness & Mutations

You may rarely emit foul miasma when damaged in melee.
You are partially covered in sharp spines.


Message History

You hit the goblin.
You kill the goblin!
Lugonu accepts your kill. The bat is struck by your spines.
The bat completely misses you.
You riposte.
Your plate armour prevents you from hitting the bat.
The bat is moderately wounded.
The bat hits you but does no damage.
You miss the bat.
The bat is moderately wounded.
The bat is struck by your spines.
You kill the bat!
Lugonu accepts your kill.
You pick up a book of Frost and begin reading...
You add the spells Freeze, Frozen Ramparts and Hailstorm to your library.
You see here a +0 club.
HP restored.
Things that are here:
a +0 robe; a bat corpse Sigmund the Dreaded comes into view.
He is wielding a +0 scythe.
Sigmund shouts!
Okay, then.
You don't know any spells.
Okay, then.
Sigmund hits you from afar with a +0 scythe.
A hobgoblin comes into view.
Sigmund hits you with a +0 scythe!
The hobgoblin shouts!
You hit Sigmund.
Sigmund is lightly wounded.
You hear a bark!
You barely miss Sigmund.
Sigmund is lightly wounded.
Sigmund screams, "Die, monster!"
Sigmund is struck by your spines. Sigmund hits you but does no damage.
You hit Sigmund.
Sigmund is heavily wounded.
Sigmund hits you with a +0 scythe! Space bends around you!
You blink.
Space bends around you!
You blink.
Sigmund hits you with a +0 scythe.
You die...

.. ... #.# #.. #.# ...
#.# #.# #.# #.# #.#
#.#########.
#.#####$###.#.<.......
#.......@...).########
######..@.ยง[....#
#g########.# #.# # #.#
#.# #.# #.# #.#


You could see Sigmund and a hobgoblin.

Vanquished Creatures
  3 endoplasms (D:1)
  2 giant cockroaches (D:1)
  4 goblins
  2 hobgoblins (D:1)
  2 jackals (D:1)
  2 kobolds (D:1)
  2 quokkas (D:1)
  4 bats
  2 frilled lizards (D:1)
  5 rats (D:1)
28 creatures vanquished.

Notes
Turn   | Place    | Note
-------+----------+-------------------------------------------
     0 | Abyss:1  | JohnySteedPL the Demonspawn Abyssal Knight began the quest
                  | for the Orb.
     0 | Abyss:1  | Reached XP level 1. HP: 18/18 MP: 2/2
    95 | Abyss:1  | Noticed a green ugly thing
    95 | Abyss:1  | Noticed a green very ugly thing
    95 | Abyss:1  | Noticed a green very ugly thing
    97 | Abyss:1  | Noticed a green very ugly thing
   105 | D:1      | Escaped the Abyss
   403 | D:1      | Gained mutation: You are partially covered in sharp spines.
                  | [demonic ancestry]
   403 | D:1      | Reached XP level 2. HP: 19/24 MP: 3/3
   991 | D:1      | Reached ** piety under Lugonu
   992 | D:1      | Gained mutation: You may rarely emit foul miasma when
                  | damaged in melee. [demonic ancestry]
   992 | D:1      | Reached XP level 3. HP: 28/29 MP: 5/5
  1117 | D:1      | Found a faded altar of an unknown god.
  1165 | D:2      | Noticed Sigmund
  1177 | D:2      | Slain by Sigmund

Illustrated notes

Levels and vault maps discovered:
D:1:      lemuel_arrival_behind_the_door_small, layout_rooms,
          shapermc_ecumenical_altar_mp_vishouse, nrook_uturn
D:2:      minmay_wonky_spiral, layout_loops_ring, hangedman_feature_mirror,
          uniq_sigmund

Skill      XL: |  1 |
---------------+----+-----
Long Blades    | 2 |  2.5
Armour         | 2 |  2.1
Fighting       | |  3.3
Dodging        | |  0.8
Invocations    | |  2.7

Action                   || total
-------------------------++-------
Melee: Falchion          ||    61
Invok: Bend Space        ||     2
Armor: Leather armour    ||    13
       Plate armour      ||    14
Dodge: Dodged            ||    26
       Rpst.: Falchion   ||    10
